 Dungeon Crawl Stone Soup version 0.18-a0-1035-g72c9994 (webtiles) character file.

1706 esc the Magician (level 8, -1/41 HPs)
             Began as a Deep Elf Fire Elementalist on Jan 9, 2016.
             Slain by an orc warrior
             ... wielding a +0 glaive
              (11 damage)
             ... on level 6 of the Dungeon.
             The game lasted 00:38:37 (5734 turns).

esc the Magician (Deep Elf Fire Elementalist)       Turns: 5734, Time: 00:38:37

Health: -1/41      AC:  3    Str:  5    XL:     8   Next: 73%
Magic:  1/21       EV: 16    Int: 23    God:
Gold:   198        SH:  5    Dex: 15    Spells: 3 memorised, 15 levels left

rFire  + . .     SeeInvis .     f - +2 dagger (drain)
rCold  . . .     Gourm    .     a - +0 robe
rNeg   . . .     Faith    .     (no shield)
rPois  .         Spirit   .     (no helmet)
rElec  .         Dismiss  .     (no cloak)
rCorr  .         Reflect  +     (no gloves)
SustAt +         Harm     .     E - +0 pair of boots (curse)
MR     .....                    d - +5 amulet of reflection
Stlth  ++........               H - ring of sustain attributes
                                o - ring of protection from fire {rF+, !d}

@: very slightly contaminated, not resistant to hostile enchantments, unstealthy
A: screaming 1
a: no special abilities


You were on level 6 of the Dungeon.
You were not hungry.

You visited 1 branch of the dungeon, and saw 6 of its levels.
You also visited: Sewer.

You collected 198 gold pieces.

Inventory:

Hand Weapons
 f - a +2 dagger of draining (weapon)
   (You took it off a kobold on level 1 of the Dungeon)
 u - a +0 blowgun
   (You took it off a kobold in a sewer)
Missiles
 k - 25 poisoned needles
 p - 2 curare-tipped needles
 t - 8 needles of sleeping
Armour
 a - a +0 robe (worn)
 w - the +2 robe of the Barber Surgeon {rPois MR- Int-2 Dex+10}
   (You found it in a sewer)

   It affects your intelligence (-2).
   It affects your dexterity (+10).
   It protects you from poison.
   It affects your resistance to hostile enchantments.
 E - a cursed +0 pair of boots (worn)
   (You found it on level 5 of the Dungeon)
Jewellery
 d - a +5 amulet of reflection (around neck)
   (You found it on level 1 of the Dungeon)
 o - a ring of protection from fire (left hand) {rF+, !d}
   (You found it on level 3 of the Dungeon)
 A - an uncursed amulet of regeneration {+regen, !d}
   (You found it on level 6 of the Dungeon)
 H - a ring of sustain attributes (right hand)
   (You found it on level 6 of the Dungeon)
Wands
 r - a wand of slowing (18/48)
   (You found it on level 4 of the Dungeon)
 y - a wand of fireball (13/15)
   (You found it on level 5 of the Dungeon)
Scrolls
 v - a scroll of fear
 z - a scroll of remove curse
 B - a scroll of amnesia
 C - 2 scrolls of blinking {!r}
 G - a scroll of identify
Potions
 e - 4 potions of brilliance
 h - a potion of haste
 i - 3 potions of flight
 j - 2 potions of heal wounds {unknown}
 l - a potion of magic
 m - a potion of degeneration {unknown}
 n - 5 potions of agility {unknown}
 q - a potion of cancellation
 x - a potion of curing {unknown}
 D - a potion of cure mutation {unknown}
Books
 b - a book of Flames
Comestibles
 c - 3 bread rations {@e1}
 g - 4 fruits
 s - a meat ration {@e2}
 F - 2 slices of pizza


   Skills:
 + Level 7.1 Dodging
 - Level 2.4 Stealth
 + Level 7.9 Spellcasting
 + Level 5.9 Conjurations
 + Level 7.1 Fire Magic


You had 15 spell levels left.
You knew the following spells:

 Your Spells              Type           Power        Failure   Level  Hunger
a - Flame Tongue          Conj/Fire      #####        1%          1    None
s - Sticky Flame          Conj/Fire      #####...     6%          4    ###....
x - Throw Flame           Conj/Fire      #####.       1%          2    None


Dungeon Overview and Level Annotations

Branches:
Dungeon (6/15)
 Temple: D:4-7

Altars:
Ashenzari
Elyvilon
Fedhas
Pakellas
The Shining One

Annotations:
D:2 Terence


Innate Abilities, Weirdness & Mutations

You occasionally shout uncontrollably at your foes.


Message History

Found a stone staircase leading down.
G - a scroll of identify Health restored: 41 You now have 168 gold pieces (gained 12).
All of the chunks of flesh in your inventory have rotted away.
A giant newt and a wight come into view.
You regained 3 mp, and now have 11/21 mp.
Aim: a giant newt The puff of flame hits the giant newt.
You kill the giant newt!
You now have 9/21 mp.
Aim: a wight, wielding a long sword and wearing a robe (resting)
The puff of flame hits the wight.
You now have 7/21 mp.
Aim: a wight, wielding a long sword and wearing a robe (lightly damaged)
The puff of flame hits the wight.
You now have 5/21 mp.
Aim: a wight, wielding a long sword and wearing a robe (moderately damaged)
The sticky flame hits the wight.
The wight is covered in liquid flames!
The wight burns!
The wight barely misses you.
You now have 2/21 mp.
You hit the wight.
You destroy the wight!
A wight comes into view.
It is wielding an enchanted great sword.
Things that are here:
a long sword; a robe; a scroll labeled HYTORRUCVUUNK There isn't anything to butcher here.
Read which item? (? for menu, Esc to quit)
Okay, then.
Okay, then.
Aim: a wight, wielding an enchanted great sword and wearing a robe The puff of flame misses the wight.
You now have 0/21 mp.
You start resting.
You regained 2 mp, and now have 6/21 mp.
B - a scroll of amnesia
H - a twisted granite ring Put on which piece of jewellery? (? for menu, Esc to quit)
H - a ring of sustain attributes (right hand)
You now have 183 gold pieces (gained 15).
You now have 198 gold pieces (gained 15).
I - a scroll labeled HYTORRUCVUUNK
Things that are here:
a long sword; a robe You regained 3 mp, and now have 12/21 mp.
F - 2 slices of pizza (gained 1)
An orc comes into view. It is wielding a club.
You regained 3 mp, and now have 15/21 mp.
Read which item? (? for menu, Esc to quit)
As you read the scroll labeled HYTORRUCVUUNK, it crumbles to dust.
It is a scroll of recharging.
Charge which item? (? for menu, Esc to quit)
Your wand of fireball glows for a moment.
Aim: an orc, wielding a club and wearing a chain mail (resting)
The puff of flame hits the orc.
The orc shouts!
The orc moves out of view.
An orc warrior comes into view. It is wielding a glaive.
You now have 13/21 mp.
Aim: an orc warrior, wielding a glaive and wearing a chain mail (hasn't noticed you)
The puff of flame hits the orc warrior.
The orc warrior appears unharmed.
The orc warrior shouts!
You now have 11/21 mp.
Aim: an orc, wielding a club and wearing a chain mail (lightly wounded)
The puff of flame hits the orc.
You kill the orc!
An orc wizard comes into view. It is wielding a dagger.
You now have 9/21 mp.
Aim: an orc wizard, wielding a dagger and wearing a robe (hasn't noticed you)
The puff of flame hits the orc wizard.
The orc wizard shouts!
The orc wizard points at you and mumbles some strange words.
The puff of flame misses you.
You now have 7/21 mp.
Aim: an orc wizard, wielding a dagger and wearing a robe (heavily wounded)
The puff of flame hits the orc warrior.
The orc wizard gestures wildly while chanting.
The orc wizard flickers and vanishes!
Deactivating autopickup; reactivate with Ctrl-A.
A giant frog comes into view.
You now have 6/21 mp.
Aim: an orc warrior, wielding a glaive and wearing a chain mail (lightly wounded)
The puff of flame hits the orc warrior.
The giant frog gives a loud, deep croak!
You now have 4/21 mp.
Aim: an orc warrior, wielding a glaive and wearing a chain mail (moderately wounded)
The flame tongue hits the orc warrior.
You now have 3/21 mp.
The orc warrior hits you from afar with a glaive!
You take 17 damage, and have 24/41 hp.
MASSIVE DAMAGE!!
The giant frog hits you!
You take 6 damage, and have 18/41 hp.
Aim: an orc warrior, wielding a glaive and wearing a chain mail (moderately wounded)
You miscast Sticky Flame.
You are very lightly contaminated with residual magic.
A wave of violent energy washes through your body!
* * * LOW HITPOINT WARNING * * *
The giant frog barely misses you. The orc warrior hits you with a glaive!
You die...

..........................#
..........................##
.....)......(...............
............................
............................
............................
..............#.............
..............##.#...........#
..............##@#.)........[#
........<.....##oF...........#
............)#....#..........#
...............#.##..........#
.........####....##..........##
.........# ##..###...........###
.........# #...................#
##..#.####...##.##..........##.#
#.#.. #.####.............##..


You could see an orc warrior and a giant frog.

Vanquished Creatures
  Prince Ribbit (D:5)
  Menkaure (D:4)
  2 sky beasts (D:6)
  2 ice beasts (D:5)
  2 big kobolds (Sewer)
  2 giant frogs (D:6)
  A scorpion (D:5)
  2 wights (D:6)
  A crimson imp (D:5)
  A jelly (D:5)
  A giant frog skeleton (D:6)
  A hound (D:5)
  An orc wizard (D:6)
  Natasha (thrice) (D:2)
  Jessica (D:3)
  An iguana (D:4)
  4 worker ants
  6 adders
  6 river rats
  2 oozes
  An adder skeleton (D:4)
  2 giant geckos
  8 orcs
  9 ball pythons
  8 giant cockroaches
  7 goblins
  6 hobgoblins
  12 jackals
  2 quokkas
  8 bats
  2 giant gecko skeletons (D:5)
  3 giant newts
  24 kobolds
  A quokka zombie (D:5)
  25 rats
159 creatures vanquished.

Notes
Turn   | Place    | Note
--------------------------------------------------------------
     0 | D:1      | esc the Deep Elf Fire Elementalist began the quest for the Orb.
     0 | D:1      | Reached XP level 1. HP: 10/10 MP: 6/6
   254 | D:1      | Reached XP level 2. HP: 15/15 MP: 5/8
   556 | D:1      | Learned a level 2 spell: Throw Flame
   955 | D:2      | Noticed Natasha
   959 | D:2      | Killed Natasha
   959 | D:2      | Reached skill level 3 in Dodging
   959 | D:2      | Reached XP level 3. HP: 11/19 MP: 0/10
  1095 | D:2      | Reached skill level 2 in Conjurations
  1203 | D:2      | Noticed Natasha
  1208 | D:2      | Killed Natasha
  1208 | D:2      | Reached skill level 4 in Spellcasting
  1208 | D:2      | Reached skill level 4 in Fire Magic
  1208 | D:2      | Reached XP level 4. HP: 12/24 MP: 1/12
  1627 | D:2      | Noticed Terence
  1637 | D:2      | HP: 1/24 [Terence/short sword of electrocution (19)]
  1978 | D:2      | Noticed Natasha
  1995 | D:2      | Killed Natasha
  2052 | D:2      | Reached XP level 5. HP: 9/28 MP: 8/13
  2512 | D:3      | Noticed Jessica
  2520 | D:3      | Killed Jessica
  2707 | D:3      | Reached skill level 4 in Dodging
  2866 | D:4      | Reached skill level 3 in Conjurations
  2882 | D:4      | Found a blossoming altar of Fedhas.
  2909 | D:4      | Found a shattered altar of Ashenzari.
  3216 | D:4      | Noticed Menkaure
  3328 | D:4      | Found a glowing drain.
  3344 | D:4      | Reached XP level 6. HP: 32/32 MP: 4/15
  3358 | Sewer    | Entered a sewer
  3459 | Sewer    | Reached skill level 5 in Spellcasting
  3580 | Sewer    | Reached skill level 5 in Fire Magic
  3621 | Sewer    | Learned a level 4 spell: Sticky Flame
  3808 | Sewer    | Got a twisted robe
  3819 | Sewer    | Identified the +2 robe of the Barber Surgeon {rPois MR- Int-2 Dex+10} (You found it in a sewer)
  3891 | Sewer    | Reached skill level 5 in Dodging
  4121 | D:4      | Killed Menkaure
  4121 | D:4      | Reached skill level 4 in Conjurations
  4121 | D:4      | Reached XP level 7. HP: 19/36 MP: 10/17
  4376 | D:5      | Entered Level 5 of the Dungeon
  4594 | D:5      | Reached skill level 6 in Spellcasting
  4683 | D:5      | Noticed Prince Ribbit
  4690 | D:5      | Killed Prince Ribbit
  4690 | D:5      | Reached skill level 6 in Dodging
  4690 | D:5      | Reached skill level 6 in Fire Magic
  4690 | D:5      | Reached XP level 8. HP: 41/41 MP: 6/19
  4957 | D:6      | Reached skill level 5 in Conjurations
  5038 | D:6      | Gained mutation: You occasionally shout uncontrollably at your foes. [mutagenic meat]
  5096 | D:5      | Reached skill level 7 in Spellcasting
  5464 | D:5      | Found a glowing golden altar of the Shining One.
  5479 | D:5      | Found a white marble altar of Elyvilon.
  5486 | D:5      | Found an oddly glowing altar of Pakellas.
  5595 | D:6      | Reached skill level 7 in Dodging
  5595 | D:6      | Reached skill level 7 in Fire Magic
  5734 | D:6      | HP: 10/41 [something (8)]
  5734 | D:6      | Slain by an orc warrior

Vault maps used:
D:1:      minmay_arrival_nine_rooms, roderic_serpentine_path
D:2:      serial_forest, infiniplex_forest_clump_large,
          infiniplex_forest_lined_room_2, infiniplex_forest_clump_medium,
          infiniplex_forest_straight_4, infiniplex_forest_end_1,
          infiniplex_forest_lined_3_way, infiniplex_forest_clump_curved,
          infiniplex_forest_clump_diagonal, serial_park_tiny_2, uniq_natasha,
          uniq_terence
D:3:      uniq_jessica
D:4:      lemuel_crystal_altar, lemuel_round_altar, portal_sewer_entry_a,
          uniq_menkaure
D:5:      tso_altar, amethyst_overflow_temple_binary, first_bread,
          kennysheep_dice, uniq_prince_ribbit1
D:6:      uniq_blork_the_orc
Sewer:    sewer_minmay_treatment

Action                   |  1- 3 |  4- 6 |  7- 9 || total
-------------------------+-------+-------+-------++-------
Melee: Dagger            |     2 |    76 |    72 ||   150
 Fire: Blowgun           |       |       |    12 ||    12
 Cast: Flame Tongue      |    36 |    49 |    18 ||   103
       Throw Flame       |    13 |    76 |    60 ||   149
       Sticky Flame      |       |       |     9 ||     9
Evoke: Wand              |       |     1 |       ||     1
  Use: Scroll            |     5 |     8 |     3 ||    16
       Potion            |       |     1 |       ||     1
 Stab: Sleeping          |       |     1 |       ||     1
  Eat: Chunk             |     1 |     8 |     6 ||    15
       Fruit             |       |     2 |     1 ||     3

Vault maps used:
D:1:      minmay_arrival_nine_rooms, roderic_serpentine_path
D:2:      serial_forest, infiniplex_forest_clump_large,
          infiniplex_forest_lined_room_2, infiniplex_forest_clump_medium,
          infiniplex_forest_straight_4, infiniplex_forest_end_1,
          infiniplex_forest_lined_3_way, infiniplex_forest_clump_curved,
          infiniplex_forest_clump_diagonal, serial_park_tiny_2, uniq_natasha,
          uniq_terence
D:3:      uniq_jessica
D:4:      lemuel_crystal_altar, lemuel_round_altar, portal_sewer_entry_a,
          uniq_menkaure
D:5:      tso_altar, amethyst_overflow_temple_binary, first_bread,
          kennysheep_dice, uniq_prince_ribbit1
D:6:      uniq_blork_the_orc
Sewer:    sewer_minmay_treatment

Table legend:
 A = Turns spent in this place as a percentage of turns spent in the entire game.
 B = Non-inter-level travel turns spent in this place as a percentage of non-inter-level travel turns spent in the entire game.
 C = Inter-level travel turns spent in this place as a percentage of turns spent in this place.
 D = Turns resting spent in this place as a percentage of non-inter-level travel turns spent in this place.
 E = Turns spent auto-exploring this place as a percentage of non-inter-level travel turns spent in this place.
 F = Non-inter-level travel turns spent in this place divided by the number of levels of this place that you've seen.
                   A       B       C       D       E      F
               +-------+-------+-------+-------+-------+----------------------
         Total | 100.0 | 100.0 |   0.4 |   3.2 |  10.0 | 223.0
       Dungeon |  81.7 |  81.6 |   0.5 |   3.6 |  11.0 | 212.3
         Sewer |  18.3 |  18.4 |   0.0 |   1.4 |   5.6 | 287.0
               +-------+-------+-------+-------+-------+----------------------

Table legend:
 A = Kills in this place as a percentage of kills in entire the game.
 B = Kills by you in this place as a percentage of kills by you in the entire game.
 C = Kills by friends in this place as a percentage of kills by friends in the entire game.
 D = Other kills in this place as a percentage of other kills in the entire game.
 E = Experience gained in this place as a percentage of experience gained in the entire game.
 F = Experience gained in this place divided by the number of levels of this place that you have seen.
                   A       B       C       D       E      F
               +-------+-------+-------+-------+-------+----------------------
         Total | 100.0 | 100.0 |  -nan |  -nan | 100.0 | 348.3
       Dungeon |  69.8 |  69.8 |  -nan |  -nan |  86.2 | 350.2
         Sewer |  30.2 |  30.2 |  -nan |  -nan |  13.8 | 337.0
               +-------+-------+-------+-------+-------+----------------------
